 Dungeon Crawl Stone Soup version 0.31-a0-731-ga75f04deac (webtiles) character file.

Game seed: 13336293214570916575

37 foxfromabyss the Changeling (level 3, 0/28 HPs)
             Began as a Demigod Shapeshifter on Sept 12, 2023.
             Slain by a goblin
             ... wielding a +0 dagger
              (2 damage)
             ... on level 2 of the Dungeon.
             The game lasted 00:02:55 (1216 turns).

foxfromabyss the Changeling (Demigod Shapeshifter)  Turns: 1216, Time: 00:02:55

Health: 0/28       AC:  2    Str: 19    XL:     3   Next: 7%
Magic:  5/5        EV: 12    Int: 12    God:
Gold:   21         SH:  0    Dex: 13    Spells: 2/2 levels left

rFire   . .          .
                       - Unarmed
rCold   . . .        (no shield)
rNeg    . . .        a - +0 animal skin
rPois   .            (helmet currently unavailable)
rElec   .            (cloak currently unavailable)
rCorr   .            (gloves currently unavailable)
SInv    .            (boots currently unavailable)
Will    .....        (no amulet)
Stlth   +            (no ring)
HPRegen 0.24/turn    (no ring)
MPRegen 0.09/turn

%: no passive effects
@: beast-form
A: beast (slay +1), high MP 1, forlorn, divine attributes
a: Begin Untransformation


You were on level 2 of the Dungeon.
You were a hulking beast.
You visited 1 branch of the dungeon, and saw 2 of its levels.

You collected 21 gold pieces.

Inventory:

Armour
 a - a +0 animal skin (worn)
Jewellery
 n - a ring of ice
Talismans
 c - a beast talisman (active)
 d - a flux talisman
Scrolls
 e - a scroll of teleportation {unknown}
 g - 2 scrolls of identify {unknown}
 h - a scroll of vulnerability {unknown}
 i - a scroll of noise {unknown}
 j - a scroll of enchant weapon {unknown}
 k - a scroll of poison {unknown}
 l - a scroll of revelation {unknown}
Potions
 b - a potion of lignification
 f - a potion of magic {unknown}
 m - a potion of invisibility {unknown}


   Skills:
 + Level 1.4 Fighting
 + Level 2.1 Dodging
 + Level 3.0 Unarmed Combat
 * Level 3.1 Shapeshifting


You had 2 spell levels left.
You didn't know any spells.
Your spell library contained the following spells:

 Spells                   Type           Power      Damage    Failure   Level
 Sandblast                Erth           0%         2d4       32%         1
 Passwall                 Tmut/Erth      0%         N/A       45%         2
 Stone Arrow              Conj/Erth      0%         3d7       69%         3


Dungeon Overview and Level Annotations

Branches:
Dungeon (2/15)


Innate Abilities, Weirdness & Mutations

You are a hulking beast.
Your limbs bulge with bestial killing power. (Slay +1)
You have an increased reservoir of magic. (+10% MP)
You shall have no god before yourself.
Your divine heritage dramatically boosts your attributes as you level up.


Message History

You feel sick. The adder closely misses you.
The goblin hits you with a +0 dagger.
You closely miss the adder.
The adder is heavily wounded.
You feel sick. The adder bites you.
You are too injured to fight recklessly!
You are too injured to fight recklessly!
You miss the adder.
The adder is heavily wounded.
You feel sick.
You are no longer poisoned.
The goblin hits you with a +0 dagger. The adder misses you.
A dart slug comes into view.
You hit the adder.
The adder is almost dead.
The adder bites you. The goblin barely misses you.
The adder bites you but does no damage.
You closely miss the adder.
The adder is almost dead.
The goblin hits you with a +0 dagger.
* * * LOW HITPOINT WARNING * * *
The adder closely misses you.
You closely miss the adder.
The adder is almost dead.
The goblin hits you but does no damage. The adder barely misses you.
You miss the adder.
The adder is almost dead.
The adder barely misses you. The goblin closely misses you.
The adder bites you.
* * * LOW HITPOINT WARNING * * *
You hit the adder.
The adder is almost dead.
The goblin hits you with a +0 dagger.
* * * LOW HITPOINT WARNING * * *
The adder bites you.
* * * LOW HITPOINT WARNING * * *
You closely miss the adder.
The adder is almost dead.
The goblin hits you with a +0 dagger.
You die...

.. #.# .# ##.# #|#
... ..# #.# #.##
#.######.###### ...
#.......wS....#.#
#.######.#
#..hg.....#
#.....##.###
#..####.###
...#.......# #..#
#..........#
#..####.#
...........#
#.......#
##.....†...#
#.#####.#
#.#.......###.#####.?
#.##.##.............#
#.##.########.#######


You could see an adder, a dart slug and a goblin.

Vanquished Creatures
  An adder (D:2)
  A worm (D:2)
  2 dart slugs (D:1)
  3 ball pythons (D:1)
  An endoplasm (D:1)
  2 giant cockroaches (D:1)
  A hobgoblin (D:2)
  A kobold (D:1)
  3 bats (D:1)
  A frilled lizard (D:2)
  2 goblins
  3 rats
21 creatures vanquished.

Notes
Turn   | Place    | Note
-------+----------+-------------------------------------------
     0 | D:1      | foxfromabyss the Demigod Shapeshifter began the quest for
                  | the Orb.
     0 | D:1      | Reached XP level 1. HP: 15/15 MP: 3/3
   133 | D:1      | Reached skill level 1 in Fighting
   393 | D:1      | Reached XP level 2. HP: 5/23 MP: 4/4
  1141 | D:2      | Reached XP level 3. HP: 24/28 MP: 5/5
  1216 | D:2      | Slain by a goblin

Illustrated notes

Levels and vault maps discovered:
D:1:      minmay_arrival_four_loops, layout_loops_corners,
          basic_ecumenical_altar
D:2:      layout_loops_ring, basic_altar, st_stairs_1, uniq_jessica

Skill      XL: |  1  2 |
---------------+-------+-----
Fighting       | 1 |  1.4
Dodging        | 2 |  2.1
Shapeshifting  | 3 |  3.1
Unarmed Combat | 3 |  3.0

Action                     || total
---------------------------++-------
  Melee: Unarmed           ||    94
 Armour: Animal skin       ||    64
  Dodge: Dodged            ||    52
   Form: Flux              ||     1
         Beast             ||     1

Table legend: (Time is in decaauts)
 A = Elapsed time spent in this place.
 B = Non-inter-level travel time spent in this place.
 C = Inter-level travel time spent in this place.
 D = Time resting spent in this place.
 E = Time spent auto-exploring this place.
 F = Levels seen in this place.
 G = Mean time per level.
                   A        B        C        D        E       F      G
               +--------+--------+--------+--------+--------+-----+--------+
         Total |   1212 |   1192 |     20 |     43 |    949 |   2 |  606.0 |
       Dungeon |   1212 |   1192 |     20 |     43 |    949 |   2 |  606.0 |
               +--------+--------+--------+--------+--------+-----+--------+

Top non-repeatable levels by time:
     D:1: 1067 daAuts
     D:2: 145 daAuts
